 Dungeon Crawl Stone Soup version 0.17.0-26-gececa24 (webtiles) character file.

3822 dorian the Arsonist (level 10, -5/56 HPs)
             Began as an Octopode Fire Elementalist on Nov 19, 2015.
             Was a Follower of Vehumet.
             Slain by a killer bee (7 damage)
             ... on level 8 of the Dungeon.
             The game lasted 00:15:13 (9452 turns).

dorian the Arsonist (Octopode Fire Elementalist)    Turns: 9452, Time: 00:15:13

Health: -5/56      AC:  2    Str:  8    XL:     10   Next: 17%
Magic:  1/13       EV: 12    Int: 20    God:    Vehumet [*.....]
Gold:   489        SH:  0    Dex: 13    Spells: 3 memorised, 5 levels left

rFire  . . .     SeeInvis .     E - +2 flail (holy)
rCold  . . .     Clarity  .     (no shield)
rNeg   . . .     SustAt   +     c - +1 hat {MR+}
rPois  .         Gourm    .     (no amulet)
rElec  .         Spirit   .     v - ring of sustain attributes
rCorr  .         Warding  .     (no ring)
rMut   .         Stasis   .     (no ring)
MR     +....                    (no ring)
Stlth  +++.......               (no ring)
                                (no ring)
                                (no ring)
                                (no ring)

@: lethally poisoned (-5 -> -7), flying, somewhat resistant to hostile
enchantments, fairly stealthy
A: almost no armour, amphibious, 8 rings, constrict 8, camouflage 1, gelatinous
body 1
a: Renounce Religion


You were on level 8 of the Dungeon.
You worshipped Vehumet.
Vehumet was aware of your devotion.
You were not hungry.

You visited 2 branches of the dungeon, and saw 9 of its levels.

You collected 489 gold pieces.

Inventory:

Hand Weapons
 E - a +2 flail of holy wrath (weapon)
Armour
 c - a +1 hat of magic resistance (worn)
Jewellery
 v - a ring of sustain attributes (left tentacle)
Wands
 q - a wand of cold (0)
 F - a wand of draining (0)
Scrolls
 d - 4 scrolls of identify
 f - a scroll of enchant armour
 i - a scroll of noise
 k - a scroll of recharging {unknown}
 m - 2 scrolls of remove curse
 p - a scroll of amnesia
 w - a scroll of fear {unknown}
 x - a scroll of teleportation {unknown}
 B - a scroll of magic mapping {unknown}
 D - a scroll of enchant weapon {unknown}
Potions
 e - 2 potions of might
 o - 2 potions of poison
 s - 2 potions of degeneration
 u - a potion of berserk rage {unknown}
 z - a potion of agility
 A - a potion of magic {unknown}
 C - a potion of brilliance {unknown}
Books
 a - a book of Flames

   Spells                             Type                      Level
   a - Flame Tongue                   Conjuration/Fire             1
   b - Throw Flame                    Conjuration/Fire             2
   c - Conjure Flame                  Conjuration/Fire             3
   d - Inner Flame                    Hexes/Fire                   3
   e - Sticky Flame                   Conjuration/Fire             4
   f - Fireball                       Conjuration/Fire             5
 h - a book of Beasts

   Spells                             Type                      Level
   a - Summon Butterflies             Summoning                    1
   b - Call Canine Familiar           Summoning                    3
   c - Summon Ice Beast               Ice/Summoning                4
   d - Summon Mana Viper              Hexes/Summoning              5
   e - Summon Hydra                   Summoning                    7
 j - a Grand Grimoire

   Spells                             Type                      Level
   a - Monstrous Menagerie            Summoning                    6
   b - Summon Greater Demon           Summoning                    7
   c - Malign Gateway                 Summoning/Translocation      7
   d - Summon Horrible Things         Summoning                    8
Comestibles
 b - 4 bread rations
 l - 6 chunks of flesh
 n - 3 fruits


   Skills:
 - Level 2.0 Dodging
 - Level 2.6 Stealth
 - Level 2.0 Spellcasting
 + Level 10.2 Conjurations
 + Level 10.5 Fire Magic


You had 5 spell levels left.
You knew the following spells:

 Your Spells              Type           Power        Failure   Level  Hunger
a - Flame Tongue          Conj/Fire      #####        1%          1    #......
b - Conjure Flame         Conj/Fire      #####...     1%          3    ###....
c - Sticky Flame          Conj/Fire      #####...     2%          4    #####..


Dungeon Overview and Level Annotations

Branches:
Dungeon (8/15)             Temple (1/1) D:4
   Lair: D:8-11

Altars:
Ashenzari
Cheibriados
Elyvilon
Fedhas
Gozag
Kikubaaqudgha
Makhleb
Nemelex Xobeh
Okawaru
Qazlal
Ru
Sif Muna
Trog
Vehumet
Xom
Yredelemnul
Zin
The Shining One

Annotations:
D:8 Erolcha


Innate Abilities, Weirdness & Mutations

You cannot wear most types of armour.
You are amphibious.
You can wear up to eight rings at the same time.
You can use your tentacles to constrict eight enemies at once.
Your skin changes colour to match your surroundings (Stealth).
Your rubbery body absorbs attacks (AC +1).


Message History

* * * LOW HITPOINT WARNING * * *
You feel sick. The killer bee closely misses you.
The killer bee barely misses you.
You miss the killer bee. Your grab misses the killer bee.
Your squeeze misses the killer bee.
The killer bee is heavily wounded.
* * * LOW HITPOINT WARNING * * *
You feel sick. The killer bee closely misses you.
The killer bee closely misses you. The killer bee barely misses you.
You miss the killer bee. Your grab misses the killer bee.
Your squeeze misses the killer bee.
The killer bee is heavily wounded.
* * * LOW HITPOINT WARNING * * *
You feel sick. The killer bee closely misses you.
The killer bee closely misses you. The killer bee barely misses you.
Drink which item? (? for menu, Esc to quit)
It was a potion of flight.
You feel very buoyant.
You fly up into the air.
The killer bee stings you!
You die...

####.....# ##.###.#
#.....# ##<.#.#
##.#...# ##..## ..
#..##..# #.##
%..#####.## #.# #.#
.........# .## #.#
..#.....## #..# ###
#..##.####...####
#. #.@y...# .. . ..
#..##..## #.# .# ..
....####.## .. ...
......#
##..##.##..# ....#.
#....#....#
##.###.....##...?.#
#. ##...# ##...## #
##.# #?..# #.
..##.#


You could see a killer bee.

Vanquished Creatures
  Gastronok (D:8)
  Edmund (D:5)
  An ice beast (D:7)
  2 orc warriors (D:7)
  5 centaurs
  A phantom (D:7)
  4 ogres
  2 giant frogs
  3 killer bees (D:8)
  4 wights (D:7)
  3 crimson imps
  An iguana (D:4)
  3 centaur skeletons
  A giant frog skeleton (D:4)
  Jessica (D:3)
  2 hounds
  3 worker ants
  2 orc wizards
  A hound zombie (D:7)
  A worker ant zombie (D:6)
  4 adders
  An adder zombie (D:7)
  An adder skeleton (D:4)
  4 worms
  5 giant geckos
  15 orcs
  6 giant cockroaches
  7 goblins
  9 hobgoblins
  8 jackals
  6 kobolds
  5 quokkas
  2 ball pythons (D:2)
  14 bats
  2 giant newts (D:1)
  A quokka skeleton (D:6)
  8 rats
140 creatures vanquished.

Notes
Turn   | Place    | Note
--------------------------------------------------------------
     0 | D:1      | dorian the Octopode Fire Elementalist began the quest for the Orb.
     0 | D:1      | Reached XP level 1. HP: 11/11 MP: 3/3
   273 | D:1      | Reached XP level 2. HP: 17/17 MP: 3/5
   813 | D:2      | Reached XP level 3. HP: 17/21 MP: 2/6
   932 | D:2      | Found a glowing golden altar of the Shining One.
  1054 | D:2      | Learned a level 3 spell: Conjure Flame
  1389 | D:2      | Reached skill level 4 in Fire Magic
  1389 | D:2      | Reached XP level 4. HP: 27/27 MP: 3/7
  2606 | D:3      | Noticed Jessica
  2610 | D:3      | Killed Jessica
  2610 | D:3      | Reached XP level 5. HP: 31/31 MP: 4/8
  2926 | D:4      | Noticed an ogre
  2931 | D:4      | Killed an ogre
  3053 | D:4      | Found a staircase to the Ecumenical Temple.
  3087 | D:4      | Reached skill level 5 in Fire Magic
  3087 | D:4      | Reached XP level 6. HP: 36/36 MP: 4/9
  3093 | Temple   | Entered the Ecumenical Temple
  3321 | D:4      | Noticed an ogre
  3372 | D:3      | Learned a level 4 spell: Sticky Flame
  3656 | D:4      | Killed an ogre
  3929 | D:4      | Reached skill level 5 in Conjurations
  3929 | D:4      | Reached XP level 7. HP: 41/41 MP: 5/10
  4276 | D:5      | Entered Level 5 of the Dungeon
  4284 | D:5      | Reached skill level 6 in Fire Magic
  4557 | D:5      | Found a deep blue altar of Sif Muna.
  4864 | D:5      | Found a burning altar of Makhleb.
  4889 | D:5      | Found a radiant altar of Vehumet.
  4891 | D:5      | Found a sparkling altar of Nemelex Xobeh.
  4910 | D:5      | Found a sacrificial altar of Ru.
  6087 | D:5      | Found a blossoming altar of Fedhas.
  6101 | D:5      | Became a worshipper of Vehumet
  6162 | D:6      | Reached XP level 8. HP: 41/46 MP: 11/11
  6471 | D:5      | Noticed Edmund
  6482 | D:5      | Reached skill level 7 in Fire Magic
  6539 | D:5      | Killed Edmund
  7444 | D:7      | Reached skill level 8 in Fire Magic
  7965 | D:7      | Reached XP level 9. HP: 47/51 MP: 5/12
  9022 | D:8      | Noticed Gastronok
  9049 | D:8      | Killed Gastronok
  9049 | D:8      | Reached skill level 10 in Conjurations
  9049 | D:8      | Reached skill level 10 in Fire Magic
  9049 | D:8      | Reached XP level 10. HP: 12/56 MP: 0/13
  9315 | D:8      | Noticed Erolcha
  9433 | D:8      | Reached * piety under Vehumet
  9433 | D:8      | Offered knowledge of Sandblast by Vehumet.
  9451 | D:8      | HP: 2/56 [poisoned by a killer bee]
  9452 | D:8      | Slain by a killer bee

Action                   |  1- 3 |  4- 6 |  7- 9 | 10-12 || total
-------------------------+-------+-------+-------+-------++-------
Melee: Unarmed           |    42 |       |       |       ||    42
       Short sword       |       |    32 |     3 |       ||    35
       Flail             |       |       |    44 |    16 ||    60
 Cast: Flame Tongue      |    50 |    64 |   105 |    11 ||   230
       Sticky Flame      |       |     1 |    14 |     1 ||    16
Evoke: Wand              |       |       |     6 |       ||     6
  Use: Potion            |       |       |     7 |     5 ||    12
       Scroll            |       |       |     6 |       ||     6
 Stab: Sleeping          |     4 |     4 |     3 |     1 ||    12
  Eat: Chunk             |     2 |     9 |    10 |       ||    21
       Meat ration       |       |       |     2 |       ||     2
       Royal jelly       |       |       |     1 |       ||     1
